Map: [ESL] Site Delta

Players

Cure - Winner!

  • Race: Terran Terran
  • Spawn Location: 5:00

Spirit

  • Race: Terran Terran
  • Spawn Location: 11:00

Event: ESL Spring 2024 Finals

VOD

Have the link to the VOD?

Description

Time

  • Played on: May 31, 2024, 4 p.m.
  • Length: 10:29

All games in this series

Show
View Real Time Build Order
Export as new Build Order

Cure Terran - Winner!

Build Orders: Cyclone Opening, Reaper Expand 

Get SALT Encoding   

  12  0:00  SCV  
  13  0:12  SCV  
  14  0:16  Supply Depot  
  14  0:24  SCV  
  15  0:38  SCV  
  15  0:40  Barracks  
  15  0:42  Refinery  
  16  0:50  SCV  
  17  1:02  SCV  
  18  1:14  SCV  
  19  1:26  Reaper  
  19  1:27  Orbital Command  
  20  1:37  Command Center  
  20  1:46  Supply Depot  
  20  1:52  SCV  
  21  1:58  Marine  
  22  2:04  SCV  
  22  2:06  Factory  
  23  2:11  Refinery  
  23  2:16  SCV, Marine  
  25  2:29  SCV  
  26  2:34  Marine  
  27  2:41  SCV  
  28  2:49  Cyclone  
  28  2:51  Orbital Command, Starport  
  30  2:53  SCV  
  30  2:57  Barracks Reactor  
  31  3:05  SCV  
  32  3:06  Refinery  
  32  3:11  Supply Depot  
  32  3:17  SCV  
  32  3:19  SCV  
  33  3:23  Cyclone  
  35  3:27  Medivac  
  35  3:29  SCV  
  35  3:31  SCV  
  35  3:33  Marine x2  
  41  3:40  Supply Depot  
  41  3:41  SCV  
  41  3:43  SCV  
  43  3:51  Marine x2  
  43  3:53  SCV  
  43  3:55  SCV, Factory Tech Lab  
  47  3:58  Starport Tech Lab  
  47  4:06  SCV  
  47  4:07  SCV  
  47  4:09  Command Center  
  49  4:14  Siege Tank  
  49  4:17  Raven  
  54  4:18  SCV  
  54  4:20  SCV  
  54  4:22  Marine  
  57  4:24  Marine  
  57  4:27  Supply Depot  
  57  4:29  Interference Matrix  
  58  4:32  SCV x2  
  60  4:39  Supply Depot  
  60  4:40  Marine  
  60  4:42  Marine  
  60  4:44  Refinery  
  62  4:48  SCV  
  62  4:49  SCV, Siege Tank  
  62  4:51  Raven  
  69  4:53  Supply Depot  
  69  4:58  Marine  
  70  5:01  SCV x2  
  72  5:13  SCV x2  
  73  5:18  Barracks  
  73  5:20  Barracks  
  75  5:23  Siege Tank  
  75  5:25  Orbital Command  
  78  5:30  SCV x2  
  78  5:37  Marine, Viking x2  
  78  5:38  Stimpack  
  83  5:43  SCV  
  83  5:44  Supply Depot  
  83  5:48  SCV  
  85  5:55  Siege Tank, Marine  
  89  6:01  SCV x3  
  92  6:07  Barracks Reactor x2  
  92  6:13  Marine  
  92  6:14  Engineering Bay  
  92  6:15  SCV, Engineering Bay  
  92  6:16  SCV  
  92  6:22  SCV  
  92  6:28  SCV, Viking x2  
  92  6:32  Marine  
  92  6:33  Supply Depot, Siege Tank  
  92  6:34  Supply Depot  
  95  6:47  Marine x4  
  95  6:49  Terran Infantry Weapons Level 1, Marine  
  95  6:52  Supply Depot  
  99  7:03  Medivac  
  99  7:06  Barracks  
  99  7:07  Barracks  
  99  7:10  Marine x5  
  99  7:13  SCV x2  
  104  7:24  Combat Shield  
  104  7:25  Siege Tank  
  104  7:28  Marine x2  
  104  7:29  Marine x3  
  106  7:35  Medivac  
  108  7:43  SCV  
  108  7:44  SCV  
  108  7:46  Marine x5  
  108  7:49  Medivac  
  115  7:57  Marine x2  
  113  7:58  Siege Tank  
  113  8:04  Marine x5  
  117  8:14  Marine x2  
  89  8:22  Marine x5  
  85  8:28  Medivac  
  85  8:31  Medivac  
  85  8:32  Marine x2  
  91  8:35  Siege Tank  
  91  8:40  Marine x5  
  95  8:50  Marine x2  
  97  8:57  Marine x2  
  97  8:58  Marine x3, Medivac  
  97  9:00  SCV x2  
  91  9:08  Marine x2  
  76  9:14  Siege Tank  
  76  9:15  Marine x2  
  81  9:17  Marine  
  81  9:18  Marine  
  81  9:20  Marine  
  84  9:26  Marine x2  
  82  9:33  Marine x2, Medivac x2  
  82  9:35  Marine  
  82  9:36  Marine  
  90  9:42  Marine  
  90  9:43  Marine x2  
  88  9:47  Siege Tank  
  88  9:51  Marine x2, Armory  
  88  9:52  Orbital Command  
  91  9:53  Marine  
  91  9:54  Marine  
  91  9:55  SCV  
  91  9:56  SCV  
  91  9:59  Marine  
  95  10:01  Marine x2  
  100  10:09  Marine x2  
  100  10:10  Marine  
Show
View Real Time Build Order
Export as new Build Order

Spirit Terran 

Build Orders: Cyclone Opening 

Get SALT Encoding   

  12  0:00  SCV  
  13  0:13  SCV  
  14  0:17  Supply Depot  
  14  0:25  SCV  
  15  0:39  SCV  
  15  0:42  Barracks  
  16  0:44  Refinery  
  16  0:51  SCV  
  16  0:52  Refinery  
  17  1:03  SCV  
  18  1:15  SCV  
  19  1:28  Orbital Command  
  19  1:29  Reaper  
  20  1:35  Supply Depot  
  20  1:41  Factory  
  20  1:54  SCV  
  22  2:01  Reaper  
  22  2:06  SCV  
  23  2:16  Command Center  
  23  2:19  SCV  
  24  2:25  Cyclone  
  26  2:31  SCV  
  26  2:35  Supply Depot  
  26  2:36  Barracks Reactor  
  27  2:43  SCV  
  28  2:51  Starport  
  28  2:55  SCV  
  29  2:59  Cyclone  
  31  3:07  SCV  
  31  3:12  Marine x2  
  34  3:17  Refinery  
  34  3:20  SCV  
  35  3:27  Liberator  
  35  3:29  Orbital Command  
  35  3:33  SCV, Factory Tech Lab  
  39  3:36  Marine  
  40  3:45  Marine  
  40  3:46  Supply Depot, SCV  
  42  3:53  Siege Tank  
  42  3:54  SCV  
  46  3:58  SCV  
  46  4:02  Marine  
  48  4:03  Marine  
  48  4:07  SCV  
  50  4:10  Liberator  
  50  4:12  SCV  
  54  4:18  Starport  
  54  4:22  Supply Depot  
  54  4:23  Marine  
  54  4:24  Marine  
  55  4:26  SCV  
  55  4:30  SCV  
  58  4:34  Siege Tank  
  61  4:39  Supply Depot, SCV  
  61  4:43  SCV  
  61  4:44  Marine  
  61  4:45  Marine  
  65  4:49  Supply Depot  
  65  4:51  SCV  
  66  4:53  Refinery  
  66  4:55  SCV  
  67  5:04  SCV  
  67  5:08  Viking  
  67  5:12  Viking  
  71  5:17  Siege Tank  
  71  5:20  SCV  
  75  5:25  Supply Depot  
  75  5:26  Marine  
  75  5:28  SCV  
  76  5:38  Viking x2  
  80  5:46  Viking  
  80  5:49  Supply Depot, Siege Tank, SCV x2  
  87  5:54  Marine  
  88  6:01  SCV  
  89  6:07  Viking  
  89  6:08  Viking  
  92  6:16  Viking  
  94  6:22  SCV  
  92  6:27  Supply Depot  
  92  6:34  Siege Tank  
  92  6:37  Supply Depot, Viking  
  92  6:38  Viking  
  99  6:40  SCV x2  
  101  6:48  Viking  
  101  6:49  Supply Depot  
  101  6:52  Supply Depot  
  103  7:08  Viking  
  102  7:13  Liberator  
  98  7:18  Liberator  
  95  7:30  Marine  
  95  7:35  Siege Tank  
  95  7:36  Command Center  
  99  7:38  Viking  
  99  7:39  SCV  
  102  7:45  SCV  
  102  7:48  Marine  
  104  7:56  Viking  
  106  8:01  Viking  
  108  8:08  Siege Tank, Viking  
  96  8:22  Marine  
  96  8:24  SCV  
  96  8:26  Barracks x2, Viking  
  98  8:31  Viking  
  100  8:38  Viking  
  100  8:39  SCV  
  100  8:40  Siege Tank, Marine  
  104  9:02  Viking  
  103  9:08  SCV x2  
  86  9:12  Siege Tank  
  78  9:22  SCV x2  
  78  9:23  Barracks Tech Lab  
  78  9:24  Barracks Tech Lab, Barracks Reactor  
  78  9:31  Refinery  
  78  9:33  Refinery  
  78  9:34  SCV x2  
  78  9:36  Fusion Core  
  78  9:37  Viking  
  77  9:44  Siege Tank  
  71  9:46  SCV x2  
  71  9:47  Viking  
  71  9:48  Orbital Command  
  73  9:58  SCV x2  
  75  10:05  Marine x2  
  75  10:06  Marine  
  75  10:07  Marine  
  78  10:10  SCV x2  
  78  10:12  Starport Tech Lab  
  79  10:15  SCV  
Tags
 
Add a new tag
Caveats
  • Supply blocks, unpowered buildings, or Contaminate may cause inaccurate times.
  • Supply counts are checked every 10 seconds.